 Dungeon Crawl Stone Soup version 0.26.1-11-gd32895ea62 (webtiles) character file.

Game seed: 330053948060022513

64547 TheGlider the Eclecticist (level 14, -3/68 HPs)
             Began as a Deep Elf Conjurer on July 14, 2021.
             Was a High Priest of Sif Muna.
             Slain by a death yak (17 damage)
             ... on level 5 of the Lair of Beasts on July 16, 2021.
             The game lasted 08:34:29 (24775 turns).

TheGlider the Eclecticist (Deep Elf Conjurer)      Turns: 24775, Time: 08:34:29

Health: -3/68      AC: 11    Str:  4    XL:     14   Next: 72%
Magic:  41/65      EV: 16    Int: 29    God:    Sif Muna [*****.]
Gold:   1772       SH:  0    Dex: 17    Spells: 7/49 levels left

rFire    . . .     SeeInvis .   L - +3 rapier of Invincibility {elec, +Blink rPois}
rCold    + . .     Faith    +   (no shield)
rNeg     + + .     Spirit   .   S - +1 steam dragon scales
rPois    +         Reflect  .   m - +1 hat {Will+}
rElec    +         Harm     .   T - scarf {repulsion}
rCorr    .         Rampage  +   q - +0 pair of gloves
Will     ++...                  k - +2 pair of boots of Ujer {Rampage rElec rC+ MP+9}
Stlth    ++........             A - amulet "Nef Taest" {Faith rN++}
HPRegen  0.21/turn              o - ring "Kungaico" {MP+9 Dex+4}
MPRegen  0.39/turn              W - ring of magical power

@: repel missiles
A: no striking features
a: Renounce Religion, Evoke Blink, Channel Magic, Forget Spell, Divine Exegesis


You were on level 5 of the Lair of Beasts.
You worshipped Sif Muna.
Sif Muna was extremely pleased with you.
You visited 3 branches of the dungeon, and saw 20 of its levels.
You also visited: Gauntlet and Volcano.

You collected 1772 gold pieces.

Inventory:

Hand Weapons
 v - the +4 flail of Pride {vamp, +Blink rC- Dex+3 SInv}
   (You found it in a Gauntlet)

   It inflicts no extra harm, but heals its wielder when it wounds a living foe.
   It affects your dexterity (+3).
   It makes you vulnerable to cold.
   It lets you see invisible.
   It lets you blink.
 L - the +3 rapier of Invincibility (weapon) {elec, +Blink rPois}
   (You took it off an orc warrior on level 10 of the Dungeon)

   Occasionally, upon striking a foe, it can discharge electrical energy and
   cause terrible harm.
   It protects you from poison.
   It lets you blink.
Armour
 d - a +2 pair of boots of running
 k - the +2 pair of boots of Ujer (worn) {Rampage rElec rC+ MP+9}
   (You found it on level 3 of the Lair of Beasts)

   It protects you from cold.
   It insulates you from electricity.
   It affects your magic capacity (+9).
   It bestows one free step when moving towards enemies.
 m - a +1 hat of willpower (worn)
 q - a +0 pair of gloves (worn)
 R - a +2 leather armour of fire resistance
 S - +1 steam dragon scales (worn)
 T - a scarf of repulsion (worn)
 Z - a +2 cloak of preservation
Magical Staves
 y - an uncursed staff of cold
Jewellery
 o - the ring "Kungaico" (left hand) {MP+9 Dex+4}
   (You took it off a minotaur in a Gauntlet)

   [ring of magical power]

   It affects your dexterity (+4).
   It affects your magic capacity (+9).
 s - an uncursed ring of protection from fire
 A - the amulet "Nef Taest" (around neck) {Faith rN++}
   (You found it in a Gauntlet)

   [amulet of faith]

   It allows you to gain divine favour quickly.
   It greatly protects you from negative energy.
 D - an uncursed ring of fire
 H - an uncursed amulet of reflection {unknown}
 I - an uncursed ring of positive energy
 K - an uncursed ring of ice
 W - a ring of magical power (right hand)
 X - an uncursed ring of ice
Wands
 p - a wand of enslavement (18)
 w - a wand of iceblast (33)
 E - a wand of acid (18)
 F - a wand of disintegration (9)
 O - a wand of paralysis (13)
Scrolls
 b - a scroll of brand weapon
 c - 8 scrolls of teleportation
 e - 5 scrolls of amnesia
 f - 15 scrolls of remove curse
 g - a scroll of noise {unknown}
 l - 3 scrolls of blinking
 u - a scroll of identify
 B - a scroll of acquirement {unknown}
 C - a scroll of magic mapping
 G - 3 scrolls of fog
 J - a scroll of vulnerability {unknown}
 N - a scroll of immolation {unknown}
 P - 2 scrolls of fear
 V - 2 scrolls of enchant weapon
Potions
 a - a potion of lignification
 h - 8 potions of haste
 i - 2 potions of brilliance
 j - 2 potions of mutation
 n - 4 potions of invisibility
 r - 2 potions of heal wounds
 t - a potion of might
 x - 5 potions of curing
 Q - 3 potions of resistance
 U - a potion of flight
 Y - a potion of berserk rage
Miscellaneous
 z - a lightning rod (4/4)
 M - a box of beasts


   Skills:
 - Level 2.1 Armour
 - Level 6.0 Dodging
 - Level 2.4 Stealth
 * Level 18.0 Spellcasting
 * Level 15.0 Conjurations
 - Level 5.1 Summonings
 - Level 6.4 Translocations
 + Level 6.2 Fire Magic
 - Level 4.0 Ice Magic
 - Level 5.0 Air Magic
 + Level 2.3 Earth Magic
 - Level 9.0 Invocations
 + Level 8.8 Evocations


You had 7 spell levels left.
You knew the following spells:

 Your Spells              Type           Power        Failure   Level
a - Magic Dart            Conj           100%         0%          1
b - Searing Ray           Conj           100%         0%          2
c - Fulminant Prism       Conj/Hex       31%          1%          4
d - Iskenderun's Mystic   Conj/Tloc      73%          1%          4
e - Lightning Bolt        Conj/Air       35%          1%          5
f - Orb of Destruction    Conj           42%          2%          7
g - Shock                 Conj/Air       100%         1%          1
h - Bolt of Magma         Conj/Fire/Erth 32%          1%          5
i - Foxfire               Conj/Fire      100%         1%          1
j - Mephitic Cloud        Conj/Pois/Air  60%          1%          3
k - Summon Ice Beast      Ice/Summ       51%          2%          4
l - Fireball              Conj/Fire      36%          1%          5

Your spell library contained the following spells:

 Spells                   Type           Power        Failure   Level
 Animate Skeleton         Necr           52%          1%          1
 Apportation              Tloc           100%         1%          1
 Beastly Appendage        Tmut           52%          1%          1
 Corona                   Hex            28%          1%          1
 Freeze                   Ice            100%         1%          1
 Summon Small Mammal      Summ           100%         1%          1
 Call Imp                 Summ           54%          1%          2
 Poisonous Vapours        Pois/Air       80%          1%          2
 Call Canine Familiar     Summ           54%          1%          3
 Conjure Flame            Conj/Fire      73%          1%          3
 Dazzling Flash           Conj/Hex       100%         1%          3
 Gell's Gravitas          Tloc           29%          1%          3
 Portal Projectile        Hex/Tloc       88%          1%          3
 Summon Guardian Golem    Hex/Summ       40%          1%          3
 Summon Lightning Spire   Summ/Air       54%          1%          4
 Irradiate                Conj/Tmut      31%          1%          5
 Wereblood                Tmut           26%          2%          2
 Confusing Touch          Hex            26%          4%          3
 Spider Form              Tmut/Pois      13%          4%          3
 Summon Forest            Summ/Tloc      28%          4%          5
 Conjure Ball Lightning   Conj/Air       35%          4%          6
 Ice Form                 Ice/Tmut       37%          7%          4
 Iron Shot                Conj/Erth      33%          7%          6
 Petrify                  Tmut/Erth      33%          10%         4
 Freezing Cloud           Conj/Ice/Air   32%          10%         6
 Silence                  Hex/Air        20%          16%         5
 Dispersal                Tloc           29%          19%         6
 Metabolic Englaciation   Hex/Ice        18%          21%         5
 Spellforged Servitor     Conj/Summ      35%          22%         7
 Blade Hands              Tmut           13%          41%         5
 Yara's Violent Unravell  Hex/Tmut       13%          41%         5
 Monstrous Menagerie      Summ           27%          86%         7
 Chain Lightning          Conj/Air       35%          86%         8
 Lehudib's Crystal Spear  Conj/Erth      33%          96%         8
 Disjunction              Tloc           29%          100%        8


Dungeon Overview and Level Annotations

Branches:
Dungeon (13/15)            Temple (1/1) D:5            Lair (6/6) D:10
 Shoals (0/4) Lair:4        Snake (0/4) Lair:3        Slime (0/5) Lair:6
    Orc (0/2) D:12        Volcano (visited)         Gauntlet (visited)
 Vaults: D:13-14

Altars:
Ashenzari
Cheibriados
Dithmenos
Elyvilon
Fedhas
Gozag
Hepliaklqana
Kikubaaqudgha
Makhleb
Nemelex Xobeh
Okawaru
Qazlal
Ru
Sif Muna
Trog
Uskayaw
Vehumet
Wu Jian
Xom
Yredelemnul
Zin
The Shining One
Beogh

Shops:
D:5 [***   D:8 =   D:10 *

Annotations:
Lair:4 2 transporters, Bergy's ghost, journeyman GrFi


Message History

Aim: a death yak (severely wounded)
The fireball explodes!
The fireball engulfs the death yak!
The death yak is severely wounded.
The fireball engulfs the worker ant!!
You kill the worker ant!
Sif Muna accepts your kill.
A nearby fungus withers and dies.
Casting: Fireball (dangerous; 1% risk of failure)
Confirm with . or Enter, or press ? or * to list all spells.
You erupt in a blast of force!
The mystic blast hits the death yak.
The death yak is almost dead.
The death yak gores you.
* * * LOW HITPOINT WARNING * * *
Unknown command.
Casting: Iskenderun's Mystic Blast (safe; 1% risk of failure)
Confirm with . or Enter, or press ? or * to list all spells.
You erupt in a blast of force!
The mystic blast hits the death yak.
The death yak is almost dead.
The death yak gores you!
You die...

##
#............P.........#.
#
##.....P...##......P...#.
#........##.#...P.....#.
#.........###...........
#.#........#........#....
#.##................#.#.#
#.#.#..............#.#.
#####..Y...............
#..@.............<..
#..................#
#...................#
###P................#
#P.............#.##
##.......PP...####
#..........P######
#.........P....#P.
##................


You could see a death yak.

Vanquished Creatures
  Gastronok (D:9)
  2 entropy weavers (Lair:5)
  Nessos (Lair:4)
  A minotaur (Gauntlet)
  The ghost of tamionv the Carver, a journeyman FoFi of Qazlal (Lair:3)
  Fannar (D:12)
  2 boulder beetles
  3 hydras
  2 catoblepae
  2 centaur warriors (D:13)
  A two-headed ogre (D:9)
  2 death yaks (Lair:6)
  A deep troll earth mage (D:13)
  A queen ant (Lair:5)
  Urug (D:13)
  Sonja (Lair:2)
  Nergalle (Lair:4)
  The ghost of Jawa73 the Zephyrmancer, a novice TeAE of Vehumet (D:10)
  A hell knight (Volcano)
  An unseen horror (D:10)
  2 lindwurms (Lair:6)
  A deep elf mage (D:13)
  4 ugly things
  3 manticores
  3 cyclopes
  Maurice (D:9)
  7 elephants
  A torpor snail (Lair:6)
  2 black mambas
  2 molten gargoyles (Volcano)
  Maggie (D:7)
  3 gargoyles
  10 cane toads
  3 rime drakes
  An efreet (D:13)
  6 komodo dragons
  3 trolls
  3 hornets
  A polar bear (Lair:3)
  Prince Ribbit (D:7)
  Grinder (D:3)
  10 blink frogs
  A meliai zombie (D:13)
  2 dream sheep (Lair:6)
  Sigmund (D:2)
  4 centaur simulacra (Gauntlet)
  2 shadows (D:12)
  The ghost of sshlich the Grave Robber, an amateur DENe (D:5)
  12 flying skulls (Gauntlet)
  3 spriggans (Lair:3)
  40 yaks
  2 fire bats (Volcano)
  A wraith (D:13)
  3 wyverns
  5 basilisks
  A harpy simulacrum (Gauntlet)
  An acid dragon (D:13)
  3 nagas (Lair:3)
  6 soldier ants
  3 hell hounds (Volcano)
  7 water moccasins
  Duvessa (D:4)
  7 orc warriors
  3 ice beasts
  2 necrophages
  4 black bears
  3 sky beasts
  6 ogres
  8 wolves
  6 phantoms
  11 centaurs
  17 bullfrogs
  5 big kobolds
  2 wyvern zombies (D:10)
  Dowan (D:4)
  A wyvern skeleton (D:10)
  4 scorpions
  24 killer bees
  6 wights (D:9)
  An electric eel (Lair:2)
  A howler monkey (D:10)
  5 lava snakes (Volcano)
  2 quasits (D:10)
  A wyvern simulacrum (Gauntlet)
  A centaur zombie (D:8)
  7 hounds
  2 jellies
  10 orc priests
  3 bullfrog skeletons
  3 iguanas
  13 orc wizards
  2 bullfrog zombies
  4 centaur skeletons
  Terence (D:3)
  4 hell rats (Lair:2)
  Natasha (twice) (D:3)
  30 worker ants
  2 killer bee zombies
  A bullfrog simulacrum (Gauntlet)
  A hound zombie (D:6)
  A hound skeleton (D:5)
  21 adders
  9 gnolls
  A howler monkey skeleton (D:6)
  12 river rats (Lair:2)
  4 white imps
  3 ufetubi
  An ooze (D:1)
  2 adder skeletons (D:6)
  5 worms
  2 dart slugs (D:1)
  4 leopard geckos
  51 orcs
  6 bats
  5 giant cockroaches
  9 hobgoblins
  9 jackals
  23 kobolds
  10 quokkas
  A ball python (D:5)
  4 frilled lizards
  8 goblins
  A leopard gecko zombie (D:5)
  24 rats
  A butterfly (Lair:5)
618 creatures vanquished.

Vanquished Creatures (collateral kills)
  A hydra (Lair:2)
  A smoke demon (Volcano)
  A polar bear (Lair:2)
  A blink frog (Lair:6)
  A yak (Lair:6)
  An ogre (D:10)
  A centaur skeleton (D:10)
  2 orcs (D:10)
9 creatures vanquished.

Vanquished Creatures (others)
  An orc (D:12)
  4 foxfires (Lair:5)
  18 fulminant prisms
  24 fungi
  47 plants
94 creatures vanquished.

Grand Total: 721 creatures vanquished

Notes
Turn   | Place    | Note
-------+----------+-------------------------------------------
     0 | D:1      | TheGlider the Deep Elf Conjurer began the quest for the
                  | Orb.
     0 | D:1      | Reached XP level 1. HP: 10/10 MP: 6/6
   179 | D:2      | Noticed an ogre
   337 | D:2      | Reached XP level 2. HP: 15/15 MP: 3/8
   340 | D:2      | Learned a level 2 spell: Searing Ray
   488 | D:2      | Reached skill level 4 in Spellcasting
   600 | D:3      | Reached XP level 3. HP: 19/19 MP: 5/10
   607 | D:3      | Learned a level 3 spell: Dazzling Flash
   711 | D:4      | Noticed a phantom
   720 | D:4      | Killed a phantom
   721 | D:4      | Reached skill level 5 in Spellcasting
   721 | D:4      | Reached skill level 5 in Conjurations
   721 | D:4      | Reached XP level 4. HP: 20/24 MP: 3/13
   806 | D:4      | Learned a level 4 spell: Iskenderun's Mystic Blast
   835 | D:4      | Reached skill level 6 in Spellcasting
   835 | D:4      | Reached XP level 5. HP: 18/28 MP: 9/15
   970 | D:5      | Entered Level 5 of the Dungeon
   974 | D:5      | Noticed a phantom
  1139 | D:6      | Reached skill level 7 in Spellcasting
  1150 | D:6      | Reached XP level 6. HP: 30/32 MP: 3/18
  1431 | D:7      | Reached skill level 8 in Spellcasting
  1528 | D:6      | Reached XP level 7. HP: 36/36 MP: 16/21
  1739 | D:5      | Found Utu Ucuq's Elemental Accessories.
  1746 | D:5      | Reached skill level 9 in Spellcasting
  1848 | D:5      | Found a transporter.
  1872 | D:5      | Noticed sshlich's ghost (amateur DENe)
  1876 | D:5      | Found a transporter.
  1979 | D:5      | Found Coucite's Armour Emporium.
  1998 | D:5      | Found Seb Iqe's Assorted Antiques.
  2010 | D:5      | Found a staircase to the Ecumenical Temple.
  2019 | Temple   | Entered the Ecumenical Temple
  2023 | Temple   | Became a worshipper of Sif Muna the Loreminder
  2372 | D:3      | Reached skill level 10 in Spellcasting
  2525 | D:3      | Noticed Terence
  2539 | D:3      | Reached XP level 8. HP: 41/41 MP: 6/24
  2539 | D:3      | Killed Terence
  2540 | D:3      | Reached skill level 1 in Translocations
  2662 | D:3      | Reached * piety under Sif Muna
  2955 | D:2      | Found a sacrificial altar of Ru.
  3981 | D:2      | Noticed Sigmund
  3996 | D:2      | Killed Sigmund
  3997 | D:2      | Reached skill level 1 in Invocations
  4261 | D:3      | Noticed Grinder
  4269 | D:3      | Killed Grinder
  4440 | D:3      | Reached ** piety under Sif Muna
  4465 | D:3      | Noticed Natasha
  4485 | D:3      | Killed Natasha
  4537 | D:3      | Noticed Natasha
  4544 | D:3      | Killed Natasha
  4772 | D:4      | Noticed Duvessa
  4772 | D:4      | Noticed Dowan
  4805 | D:4      | Killed Duvessa
  4806 | D:4      | Reached skill level 11 in Spellcasting
  4810 | D:4      | Killed Dowan
  5274 | D:5      | Found an iron altar of Okawaru.
  5358 | D:5      | Found Mitebbij's Assorted Antiques.
  5601 | D:5      | Killed sshlich's ghost
  5602 | D:5      | Reached XP level 9. HP: 44/45 MP: 14/26
  6084 | D:6      | Found a bloodstained altar of Trog.
  6095 | D:6      | Found a burning altar of Makhleb.
  6095 | D:6      | Found a shimmering altar of Xom.
  6097 | D:6      | Found a broken altar of Ashenzari.
  6097 | D:6      | Found a glowing golden altar of the Shining One.
  6097 | D:6      | Found a burning altar of Makhleb.
  6497 | D:7      | Found an opulent altar of Gozag.
  6720 | D:7      | Found a radiant altar of Vehumet.
  6819 | D:7      | Noticed Prince Ribbit
  6838 | D:7      | Reached skill level 5 in Dodging
  6842 | D:7      | Noticed Maggie
  6863 | D:7      | Killed Prince Ribbit
  6865 | D:7      | Reached skill level 12 in Spellcasting
  6886 | D:7      | Reached *** piety under Sif Muna
  7073 | D:7      | Killed Maggie
  7235 | D:7      | Found a shadowy altar of Dithmenos.
  7716 | D:8      | Found a white marble altar of Elyvilon.
  7727 | D:8      | Reached XP level 10. HP: 23/50 MP: 23/28
  7983 | D:8      | Found Raujaoja's Jewellery Shoppe.
  8025 | D:8      | Found an opulent altar of Gozag.
  8026 | D:8      | Found a burning altar of Makhleb.
  8029 | D:8      | Found an ancient bone altar of Kikubaaqudgha.
  8233 | D:9      | Noticed Gastronok
  8762 | D:9      | Found a sparkling altar of Nemelex Xobeh.
  8962 | D:9      | Noticed Maurice
  8971 | D:9      | Killed Maurice
  8972 | D:9      | Reached skill level 10 in Conjurations
  8972 | D:9      | Reached skill level 5 in Translocations
  9126 | D:9      | Found a hide-covered altar of Uskayaw.
  9138 | D:9      | Noticed a two-headed ogre
  9150 | D:9      | Killed a two-headed ogre
  9151 | D:9      | Reached skill level 13 in Spellcasting
  9151 | D:9      | Reached skill level 5 in Invocations
  9151 | D:9      | Reached skill level 1 in Evocations
  9433 | D:9      | Learned a level 4 spell: Fulminant Prism
  9793 | D:9      | Killed Gastronok
  9887 | D:10     | Entered Level 10 of the Dungeon
  9921 | D:10     | Found a staircase to the Lair.
 10006 | D:10     | Reached XP level 11. HP: 54/54 MP: 25/30
 10083 | D:10     | Found a runed translucent gate.
 10083 | D:10     | Found a runed translucent gate.
 10083 | D:10     | Found a runed translucent gate.
 10084 | D:10     | Found an opulent altar of Gozag.
 10086 | D:10     | Found Dorool's Assorted Antiques.
 10086 | D:10     | Noticed Jawa73's ghost (novice TeAE)
 10173 | D:10     | Identified the cursed +3 rapier of Invincibility {elec,
                  | +Blink rPois}
 10179 | D:10     | Reached **** piety under Sif Muna
 10325 | D:10     | Killed an unseen horror
 10326 | D:10     | Reached skill level 14 in Spellcasting
 11416 | D:10     | Killed Jawa73's ghost
 11482 | Lair:1   | Entered Level 1 of the Lair of Beasts
 12060 | Lair:1   | Reached skill level 5 in Evocations
 12420 | Lair:1   | Reached skill level 15 in Spellcasting
 12930 | Lair:2   | Found a dark tunnel.
 12939 | Volcano  | Entered a volcano
 13422 | Volcano  | Found a bloodstained altar of Trog.
 13422 | Volcano  | Noticed a red ugly thing
 13471 | Volcano  | Killed a red ugly thing
 13862 | Volcano  | Noticed a hell knight
 13870 | Volcano  | Killed a hell knight
 13871 | Volcano  | Reached XP level 12. HP: 59/59 MP: 17/33
 14096 | Lair:2   | Found a sacrificial altar of Ru.
 14170 | Lair:2   | Noticed a six-headed hydra
 14175 | Lair:2   | Noticed a boulder beetle
 14417 | Lair:2   | Reached ***** piety under Sif Muna
 14417 | Lair:2   | Identified Sif Muna's Disquisition on Combat Magic (Sif
                  | Muna gifted it to you on level 2 of the Lair of Beasts)
 14417 | Lair:2   | Received a gift from Sif Muna
 14663 | Lair:2   | Learned a level 5 spell: Lightning Bolt
 14671 | Lair:2   | Learned a level 7 spell: Orb of Destruction
 14673 | Lair:2   | Learned a level 1 spell: Shock
 14679 | Lair:2   | Learned a level 5 spell: Bolt of Magma
 14988 | Lair:2   | Killed a six-headed hydra
 15011 | Lair:2   | Killed a boulder beetle
 15012 | Lair:2   | Reached skill level 1 in Fire Magic
 15012 | Lair:2   | Reached skill level 1 in Air Magic
 15082 | Lair:2   | Noticed Sonja
 15190 | Lair:2   | Killed Sonja
 15509 | D:11     | Found a gate leading to a gauntlet.
 15524 | Gauntlet | Entered a Gauntlet
 15524 | Gauntlet | Found a transporter.
 15524 | Gauntlet | Found a transporter.
 15527 | Gauntlet | Found a transporter.
 15528 | Gauntlet | Found a transporter.
 15558 | Gauntlet | Found a transporter.
 15562 | Gauntlet | Found a transporter.
 15562 | Gauntlet | Found a transporter.
 15564 | Gauntlet | Found a transporter.
 15575 | Gauntlet | Found a transporter.
 15588 | Gauntlet | Noticed a reaper
 15591 | Gauntlet | Found a transporter.
 15615 | Gauntlet | Found a transporter.
 15622 | Gauntlet | Found a transporter.
 15663 | Gauntlet | Found a transporter.
 15675 | Gauntlet | Found a transporter.
 15862 | Gauntlet | Identified a +2 pair of boots of running (You found it in a
                  | Gauntlet)
 15967 | Gauntlet | Got a pitted crystal amulet
 15970 | Gauntlet | Identified Sif Muna's Guide on the Snowflakes and
                  | Conjuration
 16124 | Gauntlet | Reached skill level 1 in Armour
 16124 | Gauntlet | Reached skill level 1 in Summonings
 16133 | Gauntlet | Got a transparent flail
 16134 | Gauntlet | Identified the +4 flail of Pride {vamp, +Blink rC- Dex+3
                  | SInv} (You found it in a Gauntlet)
 16139 | Gauntlet | Got a wavering golden amulet
 16148 | Gauntlet | Identified the amulet of Xirejev {Regen+ Str+3 Int-3 Dex+4}
                  | (You found it in a Gauntlet)
 16158 | Gauntlet | Identified the amulet "Nef Taest" {Faith rN++} (You found
                  | it in a Gauntlet)
 16352 | Gauntlet | Identified the ring "Kungaico" {MP+9 Dex+4}
 16352 | Gauntlet | Noticed a minotaur
 16358 | Gauntlet | Killed a minotaur
 16359 | Gauntlet | Reached skill level 16 in Spellcasting
 16361 | Gauntlet | Found the +2 robe of Vines {NoPotionHeal Regen+7}
 16368 | Gauntlet | Got a flickering iron ring
 16370 | Gauntlet | Identified the ring "Etaqown" {Int+3 Stlth-} (You found it
                  | in a Gauntlet)
 16655 | D:11     | Noticed a boulder beetle
 16659 | D:11     | Killed a boulder beetle
 17022 | D:11     | Identified Irinef's Grimoire of Confrontation and
                  | Weightlessness (Sif Muna gifted it to you on level 11 of
                  | the Dungeon)
 17022 | D:11     | Received a gift from Sif Muna
 17032 | D:11     | Learned a level 1 spell: Foxfire
 17036 | D:11     | Learned a level 3 spell: Mephitic Cloud
 17141 | D:12     | Found a staircase to the Orcish Mines.
 17653 | D:12     | Found a stormy altar of Qazlal.
 17743 | D:12     | Found a roughly hewn altar of Beogh.
 17778 | D:12     | Reached XP level 13. HP: 52/63 MP: 8/35
 18030 | D:12     | Noticed Fannar
 18187 | D:12     | Found a glowing golden altar of the Shining One.
 18547 | D:12     | Killed Fannar
 18677 | D:12     | Learned a level 4 spell: Summon Ice Beast
 18764 | D:13     | Noticed Urug
 18791 | D:13     | Killed Urug
 18964 | D:13     | Reached skill level 1 in Ice Magic
 19159 | D:13     | Received a gift from Sif Muna
 19518 | D:13     | Identified the cursed +1 leather armour "Gahunan" {rN+
                  | Int+4}
 20516 | Lair:3   | Reached skill level 17 in Spellcasting
 20520 | Lair:3   | Found a staircase to the Snake Pit.
 20768 | Lair:3   | Found a runed translucent door.
 20769 | Lair:3   | Noticed tamionv's ghost (journeyman FoFi)
 20769 | Lair:3   | Identified the cursed +0 trident "Koamiesa" {drain, Int+2}
 20903 | Lair:3   | Identified Sif Muna's Tome of Frigorific Attacks (Sif Muna
                  | gifted it to you on level 3 of the Lair of Beasts)
 20903 | Lair:3   | Received a gift from Sif Muna
 20958 | Lair:3   | Learned a level 5 spell: Fireball
 21046 | Lair:3   | Killed tamionv's ghost
 21350 | Lair:3   | Got a pair of ichor-stained boots
 21361 | Lair:3   | Identified the +2 pair of boots of Ujer {Rampage rElec rC+
                  | MP+9} (You found it on level 3 of the Lair of Beasts)
 21460 | Lair:4   | Reached XP level 14. HP: 67/68 MP: 35/37
 21525 | Lair:4   | Reached skill level 5 in Fire Magic
 21543 | Lair:4   | Found a transporter.
 21566 | Lair:4   | Noticed Bergy's ghost (journeyman GrFi)
 21591 | Lair:4   | Found a transporter.
 21666 | Lair:4   | Noticed Nergalle
 21677 | Lair:4   | Killed Nergalle
 21713 | Lair:4   | Noticed Nessos
 21715 | Lair:4   | Killed Nessos
 21952 | Lair:4   | Found a staircase to the Shoals.
 22689 | Lair:5   | Reached skill level 5 in Summonings
 22689 | Lair:5   | Reached skill level 5 in Air Magic
 22911 | Lair:5   | Identified Sif Muna's Catalogue of the Frog (Sif Muna
                  | gifted it to you on level 5 of the Lair of Beasts)
 22911 | Lair:5   | Received a gift from Sif Muna
 23354 | Lair:6   | Entered Level 6 of the Lair of Beasts
 23553 | Lair:6   | Reached skill level 1 in Earth Magic
 24124 | Lair:6   | Found a staircase to the Slime Pits.
 24340 | Lair:6   | Reached skill level 15 in Conjurations
 24566 | Lair:6   | Reached skill level 18 in Spellcasting
 24775 | Lair:5   | Slain by a death yak

Illustrated notes

Levels and vault maps discovered:
D:1:      ncdulo_halloftheorcs, layout_loops_ring, minmay_tromino_v4_b
D:2:      layout_basic, lemuel_doored_altar, minmay_misc_feat_chi, uniq_sigmund
D:3:      layout_basic, uniq_terence, uniq_natasha, uniq_grinder
D:4:      layout_cave_pods, minmay_strange_pillars, uniq_duvessa
D:5:      layout_basic, minmay_temple_entry_mist, gammafunk_ghost_arena,
          portal_sewer_entry_a, serial_shops, shop, shop_fountains,
          kennysheep_mini, nicolae_elemental_shop, okawaru_metal_pillars_3
D:6:      layout_basic, doesnt_xom_only_xom
D:7:      layout_basic, nicolae_overflow_hidden_temple, old_standard_altar,
          basic_altar, uniq_prince_ribbit1, uniq_maggie
D:8:      layout_basic, nicolae_overflow_crystal_walls, minitemple,
          serial_shops, kennysheep_mini_moat
D:9:      layout_irregular_city, nemelex_xobeh_ov_fountains_minmay,
          overflow_temple_1_default, uniq_gastronok, uniq_maurice
D:10:     layout_long_grid, dpeg_oklobed_lair, ebering_ghost_gozag,
          minmay_starry_boxes
D:11:     layout_roguey, gauntlet_entry_generic, minmay_misc_feat_more_columns,
          chequers_serial_rivers_small_3
D:12:     layout_rooms, minmay_orc_entry_temple_small, basic_altar,
          grunt_qazlal_clouds, uniq_fannar
D:13:     layout_irregular_city, corexii_leaking_fountain,
          hangedman_corner_corridor, uniq_urug
Temple:   nicolae_temple_x_marks_the_god
Lair:1:   layout_concentric_octagons, minivault_11, lemuel_fruit_fields,
          grunt_megastairs_4
Lair:2:   lemuel_ratsnest, layout_regular_city, basic_altar, enter_volcano_2,
          serial_bayou_pond_a, serial_bayou_shore_a, uniq_sonja
Lair:3:   layout_cave_shapes, minmay_snake_entry_guardpost_small,
          ebering_ghost_funeral_grove
Lair:4:   layout_cave_shapes, elwin_shoals_entry_rocks,
          gammafunk_ghost_berserking_beasts, uniq_nergalle, uniq_nessos
Lair:5:   layout_cave_pods, minmay_another_anthill, grunt_megastairs_5,
          lemuel_fruit_fields
Lair:6:   hangedman_lair_in_review, layout_layer_cave, dpeg_slime_entry_corner

Skill      XL: |  1  2  3  4  5  6  7  8  9 10 11 12 13 14 |
---------------+-------------------------------------------+-----
Spellcasting   | 4 5 6 7 8 10 11 12 13 15 16 17 18 | 18.0
Conjurations   | 5 6 7 8 9 11 12 13 14 15 | 15.0
Translocations | 3 4 5 6 |  6.4
Dodging        | 4 5 6 |  6.0
Invocations    | 2 4 5 7 8 9 |  9.0
Evocations     | 3 5 6 7 8 |  8.8
Fire Magic     | 3 4 6 |  6.2
Air Magic      | 2 4 5 |  5.0
Armour         | 1 2 |  2.1
Summonings     | 2 4 5 |  5.1
Ice Magic      | 3 4 |  4.0
Earth Magic    | 2 |  2.3
Stealth        | |  2.4

Action                   |  1- 3 |  4- 6 |  7- 9 | 10-12 | 13-15 || total
-------------------------+-------+-------+-------+-------+-------++-------
Melee: Dagger            |     2 |       |     1 |       |       ||     3
       Short sword       |       |       |     1 |       |       ||     1
       Staff             |       |       |       |     5 |       ||     5
       Rapier            |       |       |       |     5 |     1 ||     6
 Cast: Magic Dart        |    26 |     8 |   134 |   172 |    70 ||   410
       Searing Ray       |     6 |    12 |    78 |   148 |    96 ||   340
       Iskenderun's Myst |       |       |    32 |    82 |    82 ||   196
       Fulminant Prism   |       |       |       |    17 |     1 ||    18
       Lightning Bolt    |       |       |       |    12 |    29 ||    41
       Mephitic Cloud    |       |       |       |     2 |     8 ||    10
       Orb of Destructio |       |       |       |     1 |    32 ||    33
       Bolt of Magma     |       |       |       |       |     6 ||     6
       Fireball          |       |       |       |       |    12 ||    12
       Foxfire           |       |       |       |       |     2 ||     2
       Summon Ice Beast  |       |       |       |       |     1 ||     1
Invok: Channel Magic     |       |       |     1 |     2 |       ||     3
 Abil: Evoke Blink       |       |       |       |     3 |       ||     3
Evoke: Wand              |       |       |       |    16 |     1 ||    17
       Lightning rod     |       |       |       |     2 |       ||     2
  Use: Scroll            |       |       |     6 |    14 |     8 ||    28
       Potion            |       |       |       |     3 |     1 ||     4
 Stab: Sleeping          |       |       |       |     1 |     1 ||     2
Armor: Robe              |       |     3 |    11 |    11 |       ||    25
       Leather armour    |       |       |       |    12 |       ||    12
       Steam dragon scal |       |       |       |     7 |    31 ||    38
Dodge: Dodged            |     3 |     4 |    30 |   120 |   115 ||   272
       Repelled          |       |       |       |       |     3 ||     3
